 Dungeon Crawl Stone Soup version 0.30-a0-424-g7412bad402 (webtiles) character file.

Game seed: 16587169275111857090

2285 funkygono the Magician (level 9, -9/58 HPs)
             Began as a Demonspawn Fire Elementalist on Dec 9, 2022.
             Was an Initiate of Vehumet.
             Mangled by an ice devil (20 damage)
             ... summoned by an orc sorcerer
             ... in a bailey.
             The game lasted 00:13:42 (8395 turns).

funkygono the Magician (DsFE)                       Turns: 8395, Time: 00:13:43

Health: -9/58      AC:  4    Str: 10    XL:     9   Next: 17%
Magic:  12/20      EV: 16    Int: 20    God:    Vehumet [......]
Gold:   384        SH:  0    Dex: 13    Spells: 13/23 levels left

rFire   . . .      SeeInvis .    v - +0 whip
rCold   . . .      Faith    .    (no shield)
rNeg    . . .      Spirit   .    a - +0 robe
rPois   .          Reflect  .    A - +2 hat
rElec   .          Harm     .    (no cloak)
rCorr   .          Rampage  .    (no gloves)
Will    .....                    (boots unavailable)
Stlth   ++........               (no amulet)
HPRegen 0.29/turn                d - ring of flight
MPRegen 0.17/turn                i - +4 ring of evasion

@: flying, studying Necromancy
A: hooves 3, demonic magic 2
a: Renounce Religion


You were in a bailey.
You worshipped Vehumet.
Vehumet was noncommittal.
You visited 2 branches of the dungeon, and saw 8 of its levels.
You also visited: Bailey.

You collected 384 gold pieces.

Inventory:

Hand Weapons
 e - a +0 dagger
 v - a +0 whip (weapon)
Missiles
 c - 2 throwing nets (quivered)
Armour
 a - a +0 robe (worn)
 z - a +4 ring mail
 A - a +2 hat (worn)
Jewellery
 d - a ring of flight (left hand)
 i - a +4 ring of evasion (right hand)
 C - a ring of ice
Wands
 b - a wand of digging (8)
 B - a wand of flame (12)
 E - a wand of charming (9)
Scrolls
 f - 2 scrolls of magic mapping {unknown}
 g - 5 scrolls of identify {unknown}
 h - a scroll of amnesia {unknown}
 k - a scroll of enchant armour {unknown}
 m - 2 scrolls of fear {unknown}
 o - a scroll of vulnerability {unknown}
 r - 2 scrolls of enchant weapon {unknown}
 u - a scroll of teleportation {unknown}
 w - a scroll of torment {unknown}
 x - a scroll of blinking {unknown}
 y - 2 scrolls of acquirement {unknown}
Potions
 j - 3 potions of curing {unknown}
 l - 4 potions of brilliance {unknown}
 n - 2 potions of heal wounds {unknown}
 p - 2 potions of invisibility {unknown}
 q - 2 potions of degeneration {unknown}
 s - a potion of resistance
 t - 2 potions of might {unknown}
 D - a potion of lignification {unknown}


   Skills:
 + Level 0.7 Fighting
 + Level 0.5 Maces & Flails
 + Level 2.3 Dodging
 - Level 1.7 Stealth
 + Level 7.7 Spellcasting
 + Level 4.8 Conjurations
 + Level 7.2 Fire Magic


You had 13 spell levels left.
You knew the following spells:

 Your Spells              Type           Power      Damage    Failure   Level
a - Foxfire               Conj/Fire      100%       2x1d9     1%          1
b - Scorch                Fire           72%        2d9       1%          2
c - Kindle Blastsparks    Fire/Tloc/Air  34%        2d12      10%         3
d - Flame Wave            Conj/Fire      32%        2d9       7%          4

Your spell library contained the following spells:

 Spells                   Type           Power      Damage    Failure   Level
 Inner Flame              Hex/Fire       22%        N/A       6%          3
 Animate Dead             Necr           7%         N/A       65%         4
 Freezing Cloud           Conj/Ice/Air   7%         6-21      77%         5
 Borgnjor's Vile Clutch   Necr/Erth      3%         N/A       94%         5
 Death Channel            Necr           3%         N/A       100%        6
 Simulacrum               Ice/Necr       3%         N/A       100%        6
 Polar Vortex             Ice            3%         N/A       100%        9


Dungeon Overview and Level Annotations

Branches:
Dungeon (7/15)             Temple (1/1) D:7          Bailey (1/1)

Altars:
Ashenzari
Dithmenos
Fedhas
Hepliaklqana
Makhleb
Nemelex Xobeh
Okawaru
Qazlal
Ru
Sif Muna
Trog
Uskayaw
Vehumet
Wu Jian
Xom
Yredelemnul

Shops:
D:4 =   D:7 *

Annotations:
D:4 2 transporters, decrepitude's ghost, amateur DsMo
D:7 2 transporters


Innate Abilities, Weirdness & Mutations

You have hooves in place of feet.
Spells you cast may paralyse nearby enemies.


Message History

The hellwing swoops through the air toward you!
The hellwing misses you. The hellwing hits you.
Found a hand axe.
The orc sorcerer shouts, "You can't withstand my power!"
An electric eel comes into view.
The hellwing attacks as you move away!
The hellwing hits you but does no damage.
The hellwing closely misses you.
Found a glowing falchion.
The electric eel shoots out a bolt of lightning at you!
The bolt of electricity hits you!
The orc sorcerer points at you and mumbles some strange words.
The bolt of fire misses you.
Found a glowing longbow and a long sword.
You are engulfed in a cloud of scalding steam.
The orc warrior shouts!
You hear a shout!
The orc sorcerer hits you with a +0 war axe!
* * * LOW HITPOINT WARNING * * *
The ice devil splashes around in the water.
The neqoxec gestures at you.
Something tries to feed on your intellect!
A goblin comes into view. It is wielding a +0 hand axe.
Casting: Foxfire (safe; 1% risk of failure)
Confirm with . or Enter, or press ? or * to list all spells.
Casting: Flame Wave (dangerous; 7% risk of failure)
Press: ? - help, Dir - look around, f - activate A wave of flame ripples out!
The flame wave engulfs the ice devil!
The ice devil is burned terribly!
The ice devil is lightly wounded.
The flame wave engulfs the orc sorcerer.
The orc sorcerer is lightly wounded. (Press . to intensify the flame waves.) Malevolent energies surge around you.
The hellwing suddenly stops moving!
The electric eel suddenly stops moving!
The orc sorcerer suddenly stops moving!
The neqoxec suddenly stops moving!
You hear a shout! x2
The ice devil is engulfed in a cloud of scalding steam.
The ice devil hits you.
* * * LOW HITPOINT WARNING * * *
The ice devil freezes you!!
You die...

≈≈≈≈≈≈≈≈# ≈≈≈≈≈≈≈≈# ###+
#+#≈≈≈≈≈≈≈≈# # #.))
...#≈≈≈≈≈≈≈≈# #. #.))
.... ≈≈≈≈≈≈≈≈#
###.######..# #≈≈≈≈≈≈≈≈#
...∩......g #≈≈≈≈≈≈≈≈#
~~~~o34o§######≈≈≈≈≈≈≈≈#
≈≈≈≈≈S§@§4≈≈≈≈≈≈≈≈≈≈≈≈≈#
≈≈≈≈≈≈§§§≈≈≈≈≈≈≈≈≈≈≈≈≈≈#
≈≈≈≈≈≈≈≈§≈§≈≈≈≈≈≈≈≈≈≈≈≈#
≈≈≈≈≈≈≈≈§§≈≈≈≈≈≈≈≈≈≈≈≈≈#
≈≈≈≈≈≈≈≈≈≈≈§≈≈≈≈≈≈≈≈≈≈≈#
########################


You could see a hellwing (summoned, paralysed), an ice devil (summoned), a
neqoxec (summoned, paralysed), an orc sorcerer (paralysed), an orc warrior, an
electric eel (paralysed) and a goblin.

Vanquished Creatures
  A water moccasin (D:3)
  An ice beast (D:7)
  4 black bears
  A sky beast (D:6)
  An ogre (D:5)
  2 kobold brigands
  2 phantoms (D:4)
  3 bullfrogs
  2 gnoll sergeants
  A necrophage (D:5)
  A scorpion (D:4)
  A wight (D:4)
  4 electric eels (Bailey)
  3 hounds
  An orc priest (D:6)
  4 jellies
  Ijyb (D:4)
  4 iguanas
  2 orc wizards (D:6)
  4 gnolls (D:5)
  6 adders
  2 ufetubi
  A worm (D:4)
  4 dart slugs
  13 orcs
  6 bats
  11 endoplasms
  6 giant cockroaches
  11 goblins
  7 hobgoblins
  4 quokkas
  4 ball pythons
  2 frilled lizards
  26 kobolds
  3 rats (D:1)
149 creatures vanquished.

Vanquished Creatures (collateral kills)
  A foxfire (D:6)
1 creature vanquished.

Vanquished Creatures (others)
  497 foxfires
  45 plants (D:4)
542 creatures vanquished.

Grand Total: 692 creatures vanquished

Notes
Turn   | Place    | Note
-------+----------+-------------------------------------------
     0 | D:1      | funkygono the Demonspawn Fire Elementalist began the quest
                  | for the Orb.
     0 | D:1      | Reached XP level 1. HP: 13/13 MP: 3/3
   513 | D:1      | Gained mutation: You have large cloven feet. [demonic
                  | ancestry]
   513 | D:1      | Reached XP level 2. HP: 19/19 MP: 1/5
  1054 | D:2      | Learned a level 2 spell: Scorch
  1173 | D:2      | Reached XP level 3. HP: 20/24 MP: 0/6
  1234 | D:2      | Learned a level 3 spell: Kindle Blastsparks
  1473 | D:2      | Found a sparkling altar of Nemelex Xobeh.
  2034 | D:3      | Found a faded altar of an unknown god.
  2202 | D:3      | Reached XP level 4. HP: 26/30 MP: 0/8
  2382 | D:3      | Found an ornate altar of the Wu Jian Council.
  2843 | D:3      | Found a blossoming altar of Fedhas.
  2970 | D:3      | Noticed a water moccasin
  2976 | D:3      | Killed a water moccasin
  2977 | D:3      | Reached XP level 5. HP: 22/35 MP: 0/10
  3142 | D:4      | Found Fehooje's Jewellery Boutique.
  3389 | D:4      | Gained mutation: You have hoof-like feet. [demonic
                  | ancestry]
  3389 | D:4      | Reached XP level 6. HP: 32/41 MP: 6/12
  3423 | D:4      | Noticed Ijyb
  3527 | D:4      | Killed Ijyb
  3722 | D:4      | HP: 2/41 [gnoll sergeant/+0 trident (12)]
  3876 | D:4      | Reached skill level 5 in Fire Magic
  3876 | D:4      | Gained mutation: You have hooves in place of feet. [demonic
                  | ancestry]
  3876 | D:4      | Reached XP level 7. HP: 22/46 MP: 2/14
  4298 | D:4      | Reached skill level 5 in Spellcasting
  5183 | D:4      | Found a transporter.
  5184 | D:4      | Found a transporter.
  5184 | D:4      | Noticed decrepitude's ghost (amateur DsMo)
  5219 | D:4      | Identified the +10 dire flail "Hikhir" {antimagic, rElec
                  | Will+}
  5358 | D:5      | Entered Level 5 of the Dungeon
  5420 | D:5      | Gained mutation: Spells you cast may paralyse adjacent
                  | enemies. [demonic ancestry]
  5420 | D:5      | Reached XP level 8. HP: 53/53 MP: 5/16
  5534 | D:5      | Found a sparkling altar of Nemelex Xobeh.
  5770 | D:4      | Learned a level 4 spell: Flame Wave
  6127 | D:5      | Found a hide-covered altar of Uskayaw.
  7107 | D:6      | Found a shadowy altar of Dithmenos.
  7450 | D:6      | Found a burning altar of Makhleb.
  7866 | D:7      | Gained mutation: Spells you cast may paralyse nearby
                  | enemies. [demonic ancestry]
  7866 | D:7      | Reached XP level 9. HP: 58/58 MP: 8/20
  7983 | D:7      | Found Fiyfysof's General Store.
  8010 | D:7      | Found a staircase to the Ecumenical Temple.
  8020 | Temple   | Entered the Ecumenical Temple
  8036 | Temple   | Became a worshipper of Vehumet
  8159 | D:7      | Found a transporter.
  8171 | D:7      | Noticed a kobold demonologist
  8174 | D:7      | Found a transporter.
  8201 | D:7      | Found a flagged portal.
  8211 | Bailey   | Entered a bailey
  8383 | Bailey   | Noticed an orc sorcerer
  8384 | Bailey   | Noticed a hellwing
  8388 | Bailey   | Noticed an ice devil
  8395 | Bailey   | Mangled by an ice devil

Illustrated notes

Levels and vault maps discovered:
D:1:      minmay_arrival_jagged, layout_basic, minmay_close_crescents
D:2:      layout_loops_ring, basic_altar, small_statue_intersection,
          minmay_cut_off
D:3:      layout_loops_ring, fedhas_altar_4, nicolae_wu_jian_wuxing_cycle,
          hellmonk_ecumenical_altar_blasted, minmay_misc_feat_hallway,
          grunt_ministairs_4, nrook_loot_triangle
D:4:      kennysheep_kobold_camp, layout_loops_ring, gammafunk_ghost_smash,
          hangedman_abyss_or_decor_stagger, minmay_shop_enchanted_jewellery,
          minmay_manual_mail, uniq_ijyb
D:5:      layout_rooms, lemuel_crystal_altar, nicolae_uskayaw_dance_hall,
          nemelex_xobeh_ov_fountains_minmay
D:6:      nicolae_cairo_tiling_very_big, layout_loops_corners,
          nicolae_overflow_hidden_temple, mainiacjoe_overflow_tiny_flanked,
          grunt_decor_fettered
D:7:      gammafunk_wand_slinger, layout_loops_cross, kennysheep_vampire_church,
          lemuel_tele_altar, temple_green, enter_bailey_3, serial_shops,
          nicolae_stop_n_shop_1, chequers_serial_rivers_room_a,
          grunt_ministairs_6, item_on_display_a
Temple:   nicolae_temple_x_marks_the_god
Bailey:   bailey_axe_of_yendor_kennysheep, bailey

Skill      XL: |  1  2  3  4  5  6  7  8 |
---------------+-------------------------+-----
Fire Magic     | 3 4 5 6 7 |  7.2
Spellcasting   | 3 4 5 7 |  7.7
Conjurations   | 2 3 4 |  4.8
Dodging        | 2 |  2.3
Fighting       | |  0.7
Maces & Flails | |  0.5
Stealth        | |  1.7

Action                   |  1- 3 |  4- 6 |  7- 9 || total
-------------------------+-------+-------+-------++-------
Melee: Dagger            |     7 |       |       ||     7
       Kick              |     3 |     1 |     7 ||    11
       Whip              |       |     1 |    39 ||    40
       Punch             |       |       |     1 ||     1
 Cast: Foxfire           |    70 |    55 |   162 ||   287
       Scorch            |     6 |    32 |    49 ||    87
       Flame Wave        |       |       |     1 ||     1
  Use: Potion            |       |     1 |       ||     1
 Stab: Paralysed         |       |       |     2 ||     2
Armor: Robe              |     7 |       |    19 ||    26
Dodge: Dodged            |    22 |    26 |    73 ||   121

Table legend: (Time is in decaauts)
 A = Elapsed time spent in this place.
 B = Non-inter-level travel time spent in this place.
 C = Inter-level travel time spent in this place.
 D = Time resting spent in this place.
 E = Time spent auto-exploring this place.
 F = Levels seen in this place.
 G = Mean time per level.
                   A        B        C        D        E       F      G
               +--------+--------+--------+--------+--------+-----+--------+
         Total |   8398 |   8276 |    122 |    808 |   5952 |   9 |  933.1 |
       Dungeon |   8143 |   8030 |    113 |    766 |   5857 |   7 | 1163.3 |
        Temple |     70 |     62 |      8 |      0 |     47 |   1 |   70.0 |
        Bailey |    183 |    183 |      0 |     42 |     48 |   1 |  183.0 |
               +--------+--------+--------+--------+--------+-----+--------+

Top non-repeatable levels by time:
     D:4: 2135 daAuts
     D:6: 1535 daAuts
     D:3: 1395 daAuts
     D:2: 1085 daAuts
     D:1: 937 daAuts
     D:5: 766 daAuts
     D:7: 287 daAuts
  Bailey: 183 daAuts
  Temple: 70 daAuts
